 Dungeon Crawl Stone Soup version 0.24-a0-549-g45f0056d81 (webtiles) character file.

Game seed: 3371323203445211387

0 Jannitor the Ducker (level 1, -1/11 HPs)
             Began as a Spriggan Abyssal Knight on Aug 19, 2019.
             Was a Follower of Lugonu.
             Slain by an apocalypse crab (12 damage)
             ... on level 1 of the Abyss.
             The game lasted 00:00:42 (169 turns).

Jannitor the Ducker (Spriggan Abyssal Knight)        Turns: 169, Time: 00:00:42

Health: -1/11      AC:  2    Str:  8    XL:     1   Next: 0%
Magic:  3/3        EV: 18    Int: 13    God:    Lugonu [*.....]
Gold:   18         SH:  0    Dex: 15    Spells: 0/0 levels left

rFire    . . .     SeeInvis +   a - +1 short sword
rCold    . . .     Gourm    .   (shield restricted)
rNeg     . . .     Faith    .   b - +0 robe
rPois    .         Spirit   .   (helmet restricted)
rElec    .         Reflect  .   (no cloak)
rCorr    .         Harm     .   (gloves unavailable)
MR       .....                  (boots unavailable)
Stlth    +.........             (no amulet)
HPRegen  0.03/turn              (no ring)
MPRegen  0.08/turn              (no ring)

@: very quick
A: very small, unfitting armour, see invisible, herbivore, speed 3, slow
metabolism 2
a: Depart the Abyss, Renounce Religion


You were on level 1 of the Abyss.
You worshipped Lugonu.
Lugonu was aware of your devotion.
You were not hungry.

You visited 0 branches of the dungeon, and saw 0 of its levels.
You visited the Abyss 1 time.

You collected 18 gold pieces.

Inventory:

Hand Weapons
 a - a +1 short sword (weapon)
Armour
 b - a +0 robe (worn)
Potions
 d - a potion of curing {unknown}
 e - a potion of agility {unknown}
Comestibles
 c - 2 rations


   Skills:
 + Level 2.4 Fighting
 + Level 2.1 Short Blades
 + Level 3.5 Dodging
 + Level 1.7 Invocations


You couldn't memorise any spells.
You didn't know any spells.
Your spell library was empty.

Dungeon Overview and Level Annotations

Branches:
Dungeon (0/15)

Altars:


Innate Abilities, Weirdness & Mutations

You are very small and have problems with some larger weapons.
You are too small for most types of armour.
You have supernaturally acute eyesight. (SInv)
You are a herbivore.
You cover ground extremely quickly.
You need to consume almost no food.


Message History

Found a corrupted altar of Lugonu.
A large abomination comes into view.
Found a ration.
c - 2 rations (gained 1)
Found 7 gold pieces.
You now have 18 gold pieces (gained 7).
f - a scroll labeled UVANNELATI
Found a spear.
g - a scroll labeled KAWIMN OTOO
As you read the scroll labeled KAWIMN OTOO, it crumbles to dust.
It is a scroll of amnesia.
You feel forgetful for a moment.
As you read the scroll labeled UVANNELATI, it crumbles to dust.
The air around you briefly surges with heat, but it dissipates.
It was a scroll of immolation.
A tentacled starspawn comes into view.
A white imp comes into view.
An apocalypse crab comes into view.
The apocalypse crab bites you!
Ouch! That really hurt!
You die...

#..#..... ##..#.#..
.#..#...##)....# #.#
....#..##.##. #.#..
#..#.###.#. ..#
#.####
#.....###..#.##
#....##.###....#...#
#......# ###.####
#.#..#### ##..#
#.#@t# §#...
.......#..# § #5§
...#.## ..# X .#..
#.# ##. .# .# #. .


You could see an apocalypse crab.

Vanquished Creatures (others)
  2 starspawn tentacles (Abyss:1)
2 creatures vanquished.

Notes
Turn   | Place    | Note
-------+----------+-------------------------------------------
     0 | Abyss:1  | Jannitor the Spriggan Abyssal Knight began the quest for
                  | the Orb.
     0 | Abyss:1  | Reached XP level 1. HP: 11/11 MP: 3/3
    46 | Abyss:1  | Noticed a tentacled starspawn
    67 | Abyss:1  | Noticed a ynoxinul
    73 | Abyss:1  | Found a corrupted altar of Lugonu.
    79 | Abyss:1  | Noticed a large abomination
   158 | Abyss:1  | Noticed a tentacled starspawn
   168 | Abyss:1  | Noticed an apocalypse crab
   169 | Abyss:1  | Slain by an apocalypse crab

Levels and vault maps discovered:
Abyss:1

Action                   || total
-------------------------++-------
  Use: Scroll            ||     2

Table legend:
 A = Non-vault XP
 B = Vault XP
 C = Vault XP percentage of total XP
 D = Non-vault monster count
 E = Vault monster count
 F = Vault count percentage of total count
                 A         B        C        D         E       F
            +---------+---------+-------+---------+---------+-------
      Total |       0 |       0 |   N/A |       0 |       0 |  -nan
            +---------+---------+-------+---------+---------+-------
            +---------+---------+-------+---------+---------+-------
